PAA
NORTHVILLE ECLIPSE @ SALEM MISFITS
08/10/2028
 
TOP OF THE 1ST
Northville Eclipse batting - Pitching for Salem Misfits : RHP Fernando Villarreal
Pitching: RHP Fernando Villarreal
Batting: RHB Alfonso Grappasonni 0-0: Ball
1-0: Called Strike
1-1: Ball
2-1: Called Strike
2-2: Foul Ball, location: 2F
2-2: Ball
3-2: Strikes out swinging
Batting: LHB Darrell Woodmansee 0-0: Called Strike
0-1: Ball
1-1: Ball
2-1: Foul Ball, location: 2F
2-2: Strikes out swinging
Batting: RHB Augusto Rocha 0-0: Foul Ball, location: 2F
0-1: Ball
1-1: Called Strike
1-2: Ground out 6-3 (Groundball, 6)
Top of the 1st over - 0 run(s), 0 hit(s), 0 error(s), 0 left on base; Northville 0 - Salem 0
BOTTOM OF THE 1ST
Salem Misfits batting - Pitching for Northville Eclipse : LHP Xavier Padilla
Pitching: LHP Xavier Padilla
Batting: LHB Rodrigo Gómez 0-0: Called Strike
0-1: Ball
1-1: Swinging Strike
1-2: Fly out, F8 (Flyball, 8RS)
Batting: RHB Ramón Ávila 0-0: Called Strike
0-1: Ball
1-1: Swinging Strike
1-2: Strikes out swinging
Batting: RHB Paul Penrice 0-0: Foul Ball, location: 2F
0-1: Ball
1-1: Ground out 1-3 (Groundball, 15)
Bottom of the 1st over - 0 run(s), 0 hit(s), 0 error(s), 0 left on base; Northville 0 - Salem 0
TOP OF THE 2ND
Northville Eclipse batting - Pitching for Salem Misfits : RHP Fernando Villarreal
Batting: LHB Koen van den Bogaert 0-0: SINGLE (Groundball, 34D)
Batting: RHB Luis Guerrero 0-0: Ball
Wild Pitch!
Koen van den Bogaert to second
1-0: Called Strike
1-1: SINGLE (Flyball, 8LS)
Koen van den Bogaert to third
Runner from 3rd tries for Home, SAFE, no throw
Batting: RHB José Silva 0-0: Ball
1-0: Called Strike
1-1: Fly out, F7 (Line Drive, 7)
Batting: RHB José Sánchez 0-0: Called Strike
0-1: SINGLE (Groundball, 4MD)
Luis Guerrero to second
Runner from 2nd tries for 3rd, SAFE, no throw
Batting: RHB Dan Hart 0-0: Ball
1-0: Foul Ball, location: 2F
1-1: Ball
2-1: Called Strike
2-2: SINGLE (Line Drive, 78S)
Luis Guerrero scores
José Sánchez to second
Batting: LHB Octávio Ontiveros 0-0: Ball
1-0: Ball
2-0: Fielders Choice at 2nd, 4-6 (Groundball, 4)
José Sánchez to third
Batting: RHB Alfonso Grappasonni 0-0: Ball
1-0: Called Strike
1-1: Swinging Strike
1-2: Strikes out swinging
Top of the 2nd over - 2 run(s), 4 hit(s), 0 error(s), 2 left on base; Northville 2 - Salem 0
BOTTOM OF THE 2ND
Salem Misfits batting - Pitching for Northville Eclipse : LHP Xavier Padilla
Batting: RHB Jorge Gómez 0-0: Ball
1-0: Ball
2-0: Called Strike
2-1: Foul Ball, location: 2F
2-2: Ball
3-2: Foul Ball, location: 2F
3-2: Strikes out looking
Batting: LHB Tyler Knopp 0-0: Ball
1-0: DOUBLE (Line Drive, 7LS)
Batting: LHB Cris Gonzáles 0-0: Foul Ball, location: 2F
0-1: Foul Ball, location: 2F
0-2: Ball
Wild Pitch!
Tyler Knopp to third
1-2: Ball
2-2: Ball
3-2: SINGLE (Groundball, 34D)
Tyler Knopp scores
Batting: RHB Vicente Andros 0-0: Ball
1-0: Called Strike
1-1: Swinging Strike
1-2: SINGLE (Groundball, 56D)
Cris Gonzáles to second
Batting: RHB Ryan Fiore 0-0: Ball
1-0: Ball
2-0: Ball
3-0: Called Strike
3-1: Foul Ball, location: 2F
3-2: Foul Ball, location: 2F
3-2: Fly out, F4 (Popup, 34D)
Batting: RHB Paul O'Neill 0-0: Called Strike
0-1: Called Strike
0-2: Strikes out looking
Bottom of the 2nd over - 1 run(s), 3 hit(s), 0 error(s), 2 left on base; Northville 2 - Salem 1
TOP OF THE 3RD
Northville Eclipse batting - Pitching for Salem Misfits : RHP Fernando Villarreal
Batting: LHB Darrell Woodmansee 0-0: Ball
1-0: Swinging Strike
1-1: Ball
2-1: Foul Ball, location: 2F
2-2: Fly out, F7 (Flyball, 7)
Batting: RHB Augusto Rocha 0-0: Called Strike
0-1: Foul Ball, location: 2F
0-2: Foul Ball, location: 2F
0-2: Ball
1-2: Ball
2-2: Ground out 5-3 (Groundball, 25)
Batting: LHB Koen van den Bogaert 0-0: DOUBLE (Line Drive, 78D)
Batting: RHB Luis Guerrero 0-0: Ball
1-0: Ball
2-0: Ball
3-0: Base on Balls
Batting: RHB José Silva 0-0: Ball
1-0: Ball
2-0: Fly out, F5 (Popup, 5S)
Top of the 3rd over - 0 run(s), 1 hit(s), 0 error(s), 2 left on base; Northville 2 - Salem 1
BOTTOM OF THE 3RD
Salem Misfits batting - Pitching for Northville Eclipse : LHP Xavier Padilla
Batting: LHB Rodrigo Gómez 0-0: Foul Ball, location: 2F
0-1: Fly out, F9 (Line Drive, 9)
Batting: RHB Ramón Ávila 0-0: Ball
1-0: Ball
2-0: Foul Ball, location: 2F
2-1: Fly out, F9 (Flyball, 9S)
Batting: RHB Paul Penrice 0-0: Ball
1-0: Ball
2-0: Ball
3-0: Called Strike
3-1: Base on Balls
Batting: RHB Jorge Gómez 0-0: Ball
1-0: Ball
2-0: Ball
3-0: Called Strike
3-1: Base on Balls
Paul Penrice to second
Batting: LHB Tyler Knopp 0-0: Called Strike
0-1: Fly out, F8 (Flyball, 8LD)
Bottom of the 3rd over - 0 run(s), 0 hit(s), 0 error(s), 2 left on base; Northville 2 - Salem 1
TOP OF THE 4TH
Northville Eclipse batting - Pitching for Salem Misfits : RHP Fernando Villarreal
Batting: RHB José Sánchez 0-0: Ball
1-0: Reached on error, E6 (Groundball, 6)
Batting: RHB Dan Hart 0-0: Ball
1-0: Grounds into double play, 5-4-3 (Groundball, 56)
Batting: LHB Octávio Ontiveros 0-0: Called Strike
0-1: Ball
1-1: Swinging Strike
1-2: Fly out, F8 (Flyball, 8RXD)
Top of the 4th over - 0 run(s), 0 hit(s), 1 error(s), 0 left on base; Northville 2 - Salem 1
BOTTOM OF THE 4TH
Salem Misfits batting - Pitching for Northville Eclipse : LHP Xavier Padilla
Batting: LHB Cris Gonzáles 0-0: Foul Ball, location: 2F
0-1: Ball
1-1: Foul Ball, location: 2F
1-2: Ball
2-2: Foul Ball, location: 2F
2-2: Ball
3-2: Strikes out swinging
Batting: RHB Vicente Andros 0-0: SINGLE (Groundball, 34D)
Batting: RHB Ryan Fiore 0-0: Ball
1-0: Ball
2-0: Ball
3-0: Base on Balls
Vicente Andros to second
Batting: RHB Paul O'Neill 0-0: Called Strike
0-1: Swinging Strike
0-2: Foul Ball, location: 2F
0-2: Foul Ball, location: 2F
0-2: Ball
1-2: Ball
2-2: Strikes out looking
Batting: LHB Rodrigo Gómez 0-0: Foul Ball, location: 2F
0-1: Foul Ball, location: 2F
0-2: Foul Ball, location: 2F
0-2: Fly out, F9 (Flyball, 9)
Bottom of the 4th over - 0 run(s), 1 hit(s), 0 error(s), 2 left on base; Northville 2 - Salem 1
TOP OF THE 5TH
Northville Eclipse batting - Pitching for Salem Misfits : RHP Fernando Villarreal
Batting: RHB Alfonso Grappasonni 0-0: Ball
1-0: Ball
2-0: Fly out, F7 (Line Drive, 7)
Batting: LHB Darrell Woodmansee 0-0: Called Strike
0-1: Ball
1-1: Foul Ball, location: 2F
1-2: SINGLE (Line Drive, 34)
Batting: RHB Augusto Rocha 0-0: Called Strike
0-1: SINGLE (Groundball, 56D)
Darrell Woodmansee to second
Batting: LHB Koen van den Bogaert 0-0: Called Strike
0-1: Fielders Choice at 2nd, 4-6 (Groundball, 4)
Darrell Woodmansee to third
Batting: RHB Luis Guerrero 0-0: Ball
1-0: Ball
2-0: Fielders Choice at 2nd, 5-4 (Groundball, 5)
Top of the 5th over - 0 run(s), 2 hit(s), 0 error(s), 1 left on base; Northville 2 - Salem 1
BOTTOM OF THE 5TH
Salem Misfits batting - Pitching for Northville Eclipse : LHP Xavier Padilla
Batting: RHB Ramón Ávila 0-0: Ball
1-0: Foul Ball, location: 2F
1-1: Swinging Strike
1-2: Foul Ball, location: 2F
1-2: Ball
2-2: Ball
3-2: Base on Balls
Batting: RHB Paul Penrice 0-0: Fly out, F8 (Flyball, 78D)
Batting: RHB Jorge Gómez 0-0: Fielders Choice at 2nd, 3-6 (Groundball, 3)
Batting: LHB Tyler Knopp 0-0: Called Strike
Jorge Gómez steals 2nd base
0-1: Called Strike
0-2: Ball
1-2: Strikes out swinging
Bottom of the 5th over - 0 run(s), 0 hit(s), 0 error(s), 1 left on base; Northville 2 - Salem 1
TOP OF THE 6TH
Northville Eclipse batting - Pitching for Salem Misfits : RHP Fernando Villarreal
Batting: RHB José Silva 0-0: Ball
1-0: Ball
2-0: Called Strike
2-1: Foul Ball, location: 2F
2-2: Ball
3-2: Foul Ball, location: 2F
3-2: Base on Balls
Batting: RHB José Sánchez 0-0: Bunted foul
0-1: Sac Bunt - play at first, batter OUT! 1-4
José Silva to second
Batting: RHB Dan Hart 0-0: Ground out 4-3 (Groundball, 4M)
José Silva to third
Batting: LHB Octávio Ontiveros 0-0: Called Strike
0-1: Foul Ball, location: 2F
0-2: Foul Ball, location: 2F
0-2: Foul Ball, location: 2F
0-2: Foul Ball, location: 2F
0-2: Ball
1-2: Foul Ball, location: 2F
1-2: Ball
2-2: Foul Ball, location: 2F
2-2: Ball
3-2: Base on Balls
Batting: RHB Alfonso Grappasonni 0-0: Called Strike
0-1: Fielders Choice at 2nd, 5-4 (Groundball, 5)
Top of the 6th over - 0 run(s), 0 hit(s), 0 error(s), 1 left on base; Northville 2 - Salem 1
BOTTOM OF THE 6TH
Salem Misfits batting - Pitching for Northville Eclipse : LHP Xavier Padilla
Batting: LHB Cris Gonzáles 0-0: Foul Ball, location: 2F
0-1: Ball
1-1: Swinging Strike
1-2: Ball
2-2: Strikes out swinging
Batting: RHB Vicente Andros 0-0: SINGLE (Groundball, 6MD)
Batting: RHB Ryan Fiore 0-0: Ball
1-0: Called Strike
1-1: Foul Ball, location: 2F
1-2: Ball
2-2: Ball
3-2: SINGLE (Flyball, 8LS)
Vicente Andros to second
Batting: RHB Paul O'Neill 0-0: Called Strike
Balk!
Vicente Andros to third
Ryan Fiore to second
0-1: Swinging Strike
0-2: Ball
1-2: Foul Ball, location: 2F
1-2: Fly out, F4 (Popup, 4D)
Pitching: RHP Cisco Andr
Batting: LHB Rodrigo Gómez 0-0: Foul Ball, location: 2F
0-1: Ball
1-1: Ball
2-1: Swinging Strike
2-2: Strikes out looking
Bottom of the 6th over - 0 run(s), 2 hit(s), 0 error(s), 2 left on base; Northville 2 - Salem 1
TOP OF THE 7TH
Northville Eclipse batting - Pitching for Salem Misfits : RHP Fernando Villarreal
Batting: LHB Darrell Woodmansee 0-0: Swinging Strike
0-1: Foul Ball, location: 2F
0-2: Ball
1-2: Foul Ball, location: 2F
1-2: Ball
2-2: Ball
3-2: Base on Balls
Batting: RHB Augusto Rocha 0-0: Ball
1-0: Ball
2-0: Swinging Strike
2-1: Swinging Strike
2-2: 2-RUN HOME RUN (Flyball, 7D), Distance : 391 ft
Pitching: LHP Suezo Amano
Batting: LHB Koen van den Bogaert 0-0: Ball
1-0: Swinging Strike
1-1: Ball
2-1: Called Strike
2-2: Strikes out swinging
Batting: RHB Luis Guerrero 0-0: Called Strike
0-1: Foul Ball, location: 2F
0-2: Ball
1-2: Ball
2-2: Ball
3-2: Strikes out swinging
Batting: RHB José Silva 0-0: Ball
1-0: Foul Ball, location: 2F
1-1: Foul Ball, location: 2F
1-2: Ball
2-2: SINGLE (Line Drive, 3D)
Batting: RHB José Sánchez 0-0: Called Strike
José Silva steals 2nd base
0-1: Ground out U3 (Groundball, 34)
Top of the 7th over - 2 run(s), 2 hit(s), 0 error(s), 1 left on base; Northville 4 - Salem 1
BOTTOM OF THE 7TH
Salem Misfits batting - Pitching for Northville Eclipse : RHP Cisco Andr
Batting: RHB Ramón Ávila 0-0: Foul Ball, location: 2F
0-1: Swinging Strike
0-2: Strikes out swinging
Batting: RHB Paul Penrice 0-0: Foul Ball, location: 2F
0-1: Fly out, F9 (Flyball, 9)
Batting: RHB Jorge Gómez 0-0: Called Strike
0-1: SINGLE (Line Drive, 8LS)
Batting: LHB Tyler Knopp 0-0: Called Strike
0-1: Ball
1-1: Ball
2-1: Foul Ball, location: 2F
2-2: Foul Ball, location: 2F
2-2: SINGLE (Line Drive, 8LM)
Jorge Gómez to second
Batting: LHB Cris Gonzáles 0-0: Ball
1-0: Ball
2-0: Foul Ball, location: 2F
2-1: Fly out, F7 (Flyball, 78D)
Bottom of the 7th over - 0 run(s), 2 hit(s), 0 error(s), 2 left on base; Northville 4 - Salem 1
TOP OF THE 8TH
Northville Eclipse batting - Pitching for Salem Misfits : LHP Suezo Amano
Batting: RHB Dan Hart 0-0: Ball
1-0: Called Strike
1-1: Ball
2-1: Called Strike
2-2: Strikes out swinging
Batting: LHB Octávio Ontiveros 0-0: Fly out, F6 (Line Drive, 6M)
Batting: RHB Alfonso Grappasonni 0-0: Ball
1-0: Ball
2-0: Ball
3-0: Swinging Strike
3-1: Called Strike
3-2: Base on Balls
Batting: LHB Darrell Woodmansee 0-0: Ball
1-0: Ground out 1-3 (Groundball, P)
Top of the 8th over - 0 run(s), 0 hit(s), 0 error(s), 1 left on base; Northville 4 - Salem 1
BOTTOM OF THE 8TH
Salem Misfits batting - Pitching for Northville Eclipse : RHP Cisco Andr
Batting: RHB Vicente Andros 0-0: Ball
1-0: Foul Ball, location: 2F
1-1: Foul Ball, location: 2F
1-2: Foul Ball, location: 2F
1-2: Strikes out swinging
Batting: RHB Ryan Fiore 0-0: Ball
1-0: Foul Ball, location: 2F
1-1: Ball
2-1: Foul Ball, location: 2F
2-2: Strikes out swinging
Batting: RHB Paul O'Neill 0-0: Called Strike
0-1: Foul Ball, location: 2F
0-2: SINGLE (Line Drive, 6D)
Pitching: RHP Kyle MacRae
Batting: LHB Rodrigo Gómez 0-0: Called Strike
0-1: Ground out 4-3 (Groundball, 4MD)
Bottom of the 8th over - 0 run(s), 1 hit(s), 0 error(s), 1 left on base; Northville 4 - Salem 1
TOP OF THE 9TH
Northville Eclipse batting - Pitching for Salem Misfits : LHP Suezo Amano
Batting: RHB Augusto Rocha 0-0: Called Strike
0-1: Ball
1-1: Ball
2-1: Foul Ball, location: 2F
2-2: Ball
3-2: Strikes out swinging
Batting: LHB Koen van den Bogaert 0-0: Called Strike
0-1: Ball
1-1: Ball
2-1: Foul Ball, location: 2F
2-2: Ball
3-2: Strikes out swinging
Pitching: RHP Kelly Henry
Batting: RHB Luis Guerrero 0-0: Called Strike
0-1: Foul Ball, location: 2F
0-2: TRIPLE (Line Drive, 78D)
Batting: RHB José Silva 0-0: Ball
1-0: Ball
2-0: Called Strike
2-1: Ball
3-1: Base on Balls
Batting: RHB José Sánchez 0-0: Fly out, F8 (Line Drive, 8RM)
Top of the 9th over - 0 run(s), 1 hit(s), 0 error(s), 2 left on base; Northville 4 - Salem 1
BOTTOM OF THE 9TH
Salem Misfits batting - Pitching for Northville Eclipse : RHP Kyle MacRae
Pitching: RHP Rafael Méndez
Batting: RHB Ramón Ávila 0-0: Called Strike
0-1: Ball
1-1: Called Strike
1-2: Ground out 6-3 (Groundball, 56)
Batting: RHB Paul Penrice 0-0: Swinging Strike
0-1: Ball
1-1: Ball
2-1: Swinging Strike
2-2: Ball
3-2: Fly out, F8 (Flyball, 8LS)
Batting: RHB Jorge Gómez 0-0: Ground out 6-3 (Groundball, 6)
Bottom of the 9th over - 0 run(s), 0 hit(s), 0 error(s), 0 left on base; Northville 4 - Salem 1
Wednesday, August 23rd, 2017 - OOTP Baseball 17.12 Build 75